 Dungeon Crawl Stone Soup version 0.14-a0-586-g2535b90 (webtiles) character file.

3187 PolkaDot the Gusty (level 9, -3/57 HPs)
             Began as a Vampire Air Elementalist on Nov 4, 2013.
             Was an Elder of Sif Muna.
             Killed from afar by a manticore (8 damage)
             ... with a volley of spikes
             ... on Level 8 of the Dungeon.
             The game lasted 00:54:07 (7717 turns).

PolkaDot the Gusty (Vampire Air Elementalist)       Turns: 7717, Time: 00:54:07

HP  -3/57        AC  7     Str  7      XL: 9   Next: 43%
MP   3/21        EV 12     Int 22      God: Sif Muna [****..]
Gold 388         SH  0     Dex 15      Spells:  7 memorised,  2 levels left

Res.Fire  : + . .   See Invis. : +   i - +1,+3 orc dagger (freeze)
Res.Cold  : + . .   Warding    : .   a - +0 robe
Life Prot.: . . .   Conserve   : .   (no shield)
Res.Poison: +       Res.Corr.  : .   c - +0 cap
Res.Elec. : +       Clarity    : .   e - +0 cloak
Sust.Abil.: . .     Spirit.Shd : .   f - +0 pair of elf gloves
Res.Mut.  : .       Stasis     : .   (no boots)
Res.Rott. : .       Flight     : .   o - amulet of faith
Saprovore : . . .                    k - +3 ring of protection
                                     z - +3 ring of intelligence

@: regenerating quickly, about to teleport, very slightly contaminated, somewhat
resistant to hostile enchantments, stealthy
A: bottle blood, fangs 3, see invisible, unbreathing
a: Bottle Blood, Channel Energy, Forget Spell, Renounce Religion


You were on level 8 of the Dungeon.
You worshipped Sif Muna.
Sif Muna was greatly pleased with you.
You were very full.

You visited 2 branches of the dungeon, and saw 9 of its levels.
You also visited: Bailey.

You collected 388 gold pieces.

Inventory:

Hand weapons
 i - a +1,+3 orcish dagger of freezing (weapon)
Armour
 a - a +0 robe (worn)
 c - a +0 cap (worn)
 e - a +0 cloak (worn)
 f - a +0 pair of elven gloves (worn)
Magical devices
 h - a wand of magic darts (15)
 n - a wand of random effects (10)
 y - a wand of flame (13)
Scrolls
 d - a scroll of teleportation
 g - a scroll of enchant weapon I
 j - a scroll of amnesia
 l - a scroll of fog
 p - 3 scrolls of enchant weapon II
 x - 2 scrolls of remove curse
Jewellery
 k - a +3 ring of protection (right hand)
 o - an amulet of faith (around neck)
 t - an uncursed ring of ice
 u - an uncursed amulet of conservation
 z - a +3 ring of intelligence (left hand)
 B - an uncursed ring of regeneration
Potions
 r - a potion of restore abilities
 s - a potion of berserk rage
 E - 3 potions of blood
Books
 b - a book of Air

   Spells                             Type                      Level
   *Shock                             Conjuration/Air              1
   *Swiftness                         Charms/Air                   2
   *Repel Missiles                    Charms/Air                   2
   *Flight                            Charms/Air                   3
   *Static Discharge                  Conjuration/Air              3
   Lightning Bolt                     Conjuration/Air              5
 q - a book of Maledictions

   Spells                             Type                      Level
   Corona                             Hexes                        1
   Sure Blade                         Hexes/Charms                 2
   *Ensorcelled Hibernation           Hexes/Ice                    2
   *Confuse                           Hexes                        3
   Enslavement                        Hexes                        4
   Invisibility                       Hexes                        6


   Skills:
 - Level 4.0 Short Blades
 - Level 2.1 Dodging
 - Level 3.3 Stealth
 + Level 5.4 Spellcasting
 * Level 5.6 Conjurations
 - Level 4.3 Hexes
 - Level 3.8 Charms
 - Level 6.9 Air Magic


You had 2 spell levels left.
You knew the following spells:

 Your Spells              Type           Power        Failure   Level  Hunger
a - Shock                 Conj/Air       ####         1%          1    None
d - Ensorcelled Hibernat  Hex/Ice        ###...       8%          2    None
s - Static Discharge      Conj/Air       ####....     1%          3    ##.....
C - Confuse               Hex            ###.....     6%          3    ##.....
D - Repel Missiles        Chrm/Air       ####......   1%          2    None
F - Flight                Chrm/Air       ####......   3%          3    ##.....
S - Swiftness             Chrm/Air       ####......   1%          2    None


Dungeon Overview and Level Annotations

Branches:
Dungeon (8/27)             Temple (1/1) D:5
    Orc: D:6-11        Lair: D:8-13

Altars:
Ashenzari
Cheibriados
Elyvilon
Fedhas
Kikubaaqudgha
Makhleb
Nemelex Xobeh
Okawaru
Sif Muna
Trog
Vehumet
Xom
Yredelemnul
Zin
the Shining One


Innate Abilities, Weirdness & Mutations

Your natural rate of healing is unusually fast.
You can bottle blood from corpses.
You have razor-sharp teeth.*
You have supernaturally acute eyesight.
You can survive without breathing.*


Message History

Press: ? - help, Shift-Dir - straight line, f - Eustachio, p - manticore
Aim: Eustachio, wielding a falchion and wearing a leather armour (almost dead)
The puff of flame hits Eustachio.
You kill Eustachio!
The white imp disappears in a puff of smoke!
The rat disappears in a puff of smoke!
The grey rat disappears in a puff of smoke!
Casting: Static Discharge
Confirm with . or Enter, or press ? or * to list all spells.
Aiming: Shock
Press: ? - help, Shift-Dir - straight line, f - manticore
Aim: a manticore (blue smoke, heavily wounded)
The zap hits the manticore.
The manticore is heavily wounded.
Your surroundings seem slightly different.
Read which item? (? for menu, Esc to quit)
As you read the scroll of teleportation, it crumbles to dust.
You feel strangely unstable.
The manticore flicks its tail!
The volley of spikes hits you!
You die...

#........
#.).......
#..........
#............
#............
#............ ..
#........... .#.#.
#....H....... .....
#.@....<..... .....
#.....).....##.#.#.
#(........$........
##..........<......
#.######...)......
#.# #...@...... #.#
#.......... #.#
#...$...... #.#
##.....)...


You could see a manticore.

Vanquished Creatures
  Eustachio (D:8)
  A hippogriff (D:7)
  Menkaure (D:5)
  2 necrophages
  2 phantoms
  2 ice beasts
  An orc warrior (Bailey)
  A black bear (D:8)
  3 centaurs
  An ogre (D:5)
  2 giant frogs
  A jelly (D:6)
  A hippogriff skeleton (D:7)
  4 crimson imps
  3 hounds
  4 orc priests
  2 orc wizards
  9 worker ants
  Ijyb (D:5)
  Jessica (D:3)
  The ghost of timbw the Sneak, a weakling SpIE (D:4)
  8 adders
  11 gnolls
  A shadow imp (D:8)
  A lemure (D:8)
  A giant mite (D:2)
  2 white imps (D:8)
  2 worms
  3 giant geckos
  30 orcs
  A bat skeleton (D:4)
  3 giant cockroaches
  5 goblins
  17 hobgoblins
  9 jackals
  12 kobolds
  4 quokkas
  2 ball pythons
  19 bats
  5 giant newts
  A goblin zombie (D:5)
  A hobgoblin zombie (D:5)
  15 rats
  A ballistomycete (D:7)
  A butterfly (D:6)
  2 plants (D:4)
201 creatures vanquished.

Vanquished Creatures (others)
  A giant spore (D:7)
  A butterfly (D:6)
2 creatures vanquished.

Grand Total: 203 creatures vanquished

Notes
Turn   | Place    | Note
--------------------------------------------------------------
     0 | D:1      | PolkaDot, the Vampire Air Elementalist, began the quest for the Orb.
     0 | D:1      | Reached XP level 1. HP: 13/13 MP: 4/4
   452 | D:1      | Reached XP level 2. HP: 11/19 MP: 5/5
   735 | D:1      | Reached skill level 1 in Short Blades
   919 | D:2      | Reached XP level 3. HP: 22/24 MP: 1/6
  1181 | D:2      | Learned a level 3 spell: Flight
  1616 | D:2      | Reached skill level 4 in Air Magic
  1674 | D:2      | Reached XP level 4. HP: 26/30 MP: 8/8
  1918 | D:3      | Reached skill level 1 in Charms
  2177 | D:3      | Reached XP level 5. HP: 35/35 MP: 9/9
  2184 | D:3      | Noticed Jessica
  2202 | D:3      | Learned a level 2 spell: Swiftness
  2235 | D:3      | Killed Jessica
  2777 | D:4      | Noticed timbw's ghost (weakling SpIE)
  2784 | D:4      | Killed timbw's ghost
  3021 | D:4      | Found a blossoming altar of Fedhas.
  3053 | D:4      | Reached XP level 6. HP: 31/41 MP: 12/12
  3342 | D:4      | Learned a level 2 spell: Repel Missiles
  3741 | D:5      | Entered Level 5 of the Dungeon
  3753 | D:5      | Learned a level 2 spell: Ensorcelled Hibernation
  3836 | D:5      | Found a staircase to the Ecumenical Temple.
  3856 | Temple   | Entered the Ecumenical Temple
  3899 | Temple   | Became a worshipper of Sif Muna the Loreminder
  3949 | D:5      | Reached skill level 5 in Air Magic
  3949 | D:5      | Reached XP level 7. HP: 24/46 MP: 10/15
  4008 | D:5      | HP: 2/46 [poisoned by a worker ant]
  4014 | D:5      | HP: 2/46 [poisoned by a worker ant]
  4232 | D:5      | Noticed Ijyb
  4257 | D:5      | Killed Ijyb
  4883 | D:5      | Learned a level 3 spell: Static Discharge
  4926 | D:5      | Noticed Menkaure
  4934 | D:5      | Killed Menkaure
  4934 | D:5      | Acquired Sif Muna's first power
  4934 | D:5      | Reached skill level 1 in Conjurations
  4984 | D:5      | Reached XP level 8. HP: 23/52 MP: 6/19
  4989 | D:5      | Learned a level 3 spell: Confuse
  5006 | D:5      | Found a glowing silver altar of Zin.
  5170 | D:5      | Reached skill level 1 in Hexes
  5341 | D:6      | Got a shimmering shield
  5351 | D:6      | Identified the +2 shield of Restlessness {Str+3} (You found it on level 6 of the Dungeon)
  5656 | D:6      | Acquired Sif Muna's second power
  5656 | D:6      | Reached skill level 6 in Air Magic
  5773 | D:6      | Found a shimmering altar of Xom.
  6429 | D:7      | Reached XP level 9. HP: 51/53 MP: 6/20
  6717 | D:7      | Found a flagged portal.
  6819 | Bailey   | Entered a bailey
  7172 | D:7      | Reached skill level 5 in Spellcasting
  7172 | D:7      | Reached skill level 5 in Conjurations
  7208 | D:7      | Acquired Sif Muna's third power
  7683 | D:8      | Noticed Eustachio
  7704 | D:8      | HP: 1/57 [Eustachio/falchion (6)]
  7714 | D:8      | Killed Eustachio
  7717 | D:8      | Killed from afar by a manticore

Action                   |  1- 3 |  4- 6 |  7- 9 || total
-------------------------+-------+-------+-------++-------
Melee: Unarmed           |    11 |       |       ||    11
       Dagger            |   145 |   309 |   201 ||   655
 Cast: Shock             |    27 |    55 |    84 ||   166
       Flight            |       |     5 |    12 ||    17
       Swiftness         |       |     4 |    14 ||    18
       Static Discharge  |       |       |    61 ||    61
       Confuse           |       |       |     6 ||     6
       Repel Missiles    |       |       |     6 ||     6
       Ensorcelled Hiber |       |       |     1 ||     1
Invok: Channel Energy    |       |       |    12 ||    12
 Abil: Bottle Blood      |       |       |     9 ||     9
Evoke: Wand              |       |       |     6 ||     6
  Use: Potion            |     1 |     6 |    13 ||    20
       Scroll            |       |    14 |    10 ||    24
 Stab: Distracted        |     1 |       |       ||     1
       Sleeping          |     1 |     5 |     9 ||    15
       Confused          |       |       |     2 ||     2
